 Dungeon Crawl Stone Soup version 0.30-a0-347-gf58ed5266c (webtiles) character file.

Game seed: 7956993884697464757

1012 Shayle the Insei (level 8, -1/58 HPs)
             Began as a Djinni Reaver on Nov 6, 2022.
             Was a Follower of Makhleb.
             Killed by divine providence
             ... invoked by an orc priest
              (16 damage)
             ... on level 6 of the Dungeon.
             The game lasted 00:17:30 (4602 turns).

Shayle the Insei (Djinni Reaver)                    Turns: 4602, Time: 00:17:30

Health: -1/58      AC:  7    Str: 11    XL:     8   Next: 45%
Gold:   277        EV: 12    Int: 16    God:    Makhleb [*.....] SH:  0 Dex: 13

rFire   + + .      SeeInvis .    k - +6 spear
rCold   x . .      Faith    .    (no shield)
rNeg    . . .      Spirit   .    a - +0 leather armour
rPois   ∞          Reflect  .    (no helmet)
rElec   .          Harm     .    n - +2 cloak
rCorr   .          Rampage  .    d - +0 pair of gloves
Will    .....                    (boots unavailable)
Stlth   ++........               (no amulet)
HPRegen 0.29/turn                (no ring)
MPRegen 0.00/turn                (no ring)

@: flying
A: sickness immunity, fire resistance 2, cold vulnerability 1, float, innate
caster, HP casting, extra vitality 1
a: Renounce Religion


You were on level 6 of the Dungeon.
You worshipped Makhleb.
Makhleb was aware of your devotion.
You visited 2 branches of the dungeon, and saw 7 of its levels.
You also visited: Sewer.

You collected 277 gold pieces.

Inventory:

Hand Weapons
 e - a +2 dagger of freezing
 k - a +6 spear (weapon)
Armour
 a - a +0 leather armour (worn)
 d - a +0 pair of gloves (worn)
 n - a +2 cloak (worn)
Wands
 q - a wand of iceblast (9)
Scrolls
 b - 2 scrolls of teleportation
 f - 3 scrolls of immolation
 g - 3 scrolls of fear
 h - a scroll of magic mapping
 i - a scroll of vulnerability
 j - a scroll of torment
 s - a scroll of identify
Potions
 c - 3 potions of ambrosia
 m - 2 potions of haste
 o - 4 potions of flight
 p - 4 potions of cancellation
 r - a potion of might
 v - a potion of degeneration
 w - 3 potions of mutation


   Skills:
 + Level 4.5 Fighting
 + Level 3.9 Armour
 - Level 2.1 Dodging
 + Level 3.4 Stealth
 + Level 5.0 Unarmed Combat
 + Level 3.9 Spellcasting


You had 2 spell levels left.
You knew the following spells:

 Your Spells              Type           Power      Damage    Failure   Level
a - Kiss of Death         Conj/Necr      60%        2d10      4%          1
b - Momentum Strike       Conj/Tloc      30%        3d8       6%          2
c - Hailstorm             Conj/Ice       15%        3d5       13%         3
d - Sandblast             Erth           30%        2d9       4%          1
e - Passwall              Tmut/Erth      12%        N/A       6%          2
f - Gell's Gravitas       Tloc           15%        N/A       13%         3
Your spell library was empty.

Dungeon Overview and Level Annotations

Branches:
Dungeon (6/15)             Temple (1/1) D:4           Sewer (visited)

Altars:
Cheibriados
Dithmenos
Elyvilon
Fedhas
Gozag
Hepliaklqana
Makhleb
Nemelex Xobeh
Okawaru
Qazlal
Ru
Trog
Uskayaw
Wu Jian
Xom
Yredelemnul
Zin
The Shining One

Annotations:
D:4 1 runed translucent door, Crazy Yiuf


Innate Abilities, Weirdness & Mutations

You are immune to sickness and miasma.
You are immune to poison.
Your flesh is very heat resistant. (rF++)
You are vulnerable to cold. (rC-)
You float through the air rather than walking.
You learn spells naturally, not from books.
Your magical power is your life essence.
You have superior vitality. (+4 MHP)


Message History

Casting: Hailstorm (dangerous; 14% risk of failure)
Confirm with . or Enter, or press ? or * to list all spells.
Casting: Hailstorm (dangerous; 14% risk of failure)
Press: ? - help, Dir - look around, f - activate A cannonade of hail descends around you!
The hail pelts the jelly!
You kill the jelly!
Makhleb accepts your kill.
The hail pelts the gnoll!
You kill the gnoll!
Makhleb accepts your kill.
You feel better.
The hail pelts the black bear!
The black bear is almost dead.
The ufetubus hits you.
The ufetubus hits you but does no damage.
The black bear rages.
The ufetubus barely misses you. x2
Casting: Hailstorm (dangerous; 13% risk of failure)
Confirm with . or Enter, or press ? or * to list all spells.
Casting: Hailstorm (dangerous; 13% risk of failure)
Press: ? - help, Dir - look around, f - activate A cannonade of hail descends around you!
The hail pelts the black bear.
You kill the black bear!
Makhleb accepts your kill. The ufetubus barely misses you.
The ufetubus hits you but does no damage.
Your Unarmed Combat skill increases to level 5!
You barely miss the ufetubus. The ufetubus hits you.
* * * LOW HITPOINT WARNING * * *
The ufetubus misses you.
The ufetubus hits you but does no damage.
The ufetubus closely misses you.
You puncture the ufetubus!
You kill the ufetubus!
Makhleb accepts your kill.
An orc priest comes into view. It is wielding a +0 club.
The orc priest mumbles some strange prayers to Beogh against you.
Beogh smites you!
You die...

########## #.........#
####.........#
......(......# #####
.............###......
............)@†..#
...<........o#####.
....$..............#
..................##
.......<.....#......
...../.########..###
....... .... ....##.
.... ... #. ....


You could see an orc priest.

Vanquished Creatures
  Pargi (Sewer)
  2 black bears
  2 phantoms (D:4)
  2 necrophages (D:5)
  A scorpion (D:5)
  A jelly (D:6)
  An orc priest (D:5)
  2 hounds (D:5)
  2 iguanas (D:5)
  An orc wizard (D:5)
  2 gnolls (D:6)
  7 adders
  3 white imps (D:5)
  An ufetubus (D:6)
  9 dart slugs
  9 orcs
  7 ball pythons
  4 endoplasms
  4 goblins
  6 hobgoblins
  2 jackals (D:5)
  4 kobolds
  7 quokkas
  3 bats
  11 frilled lizards
  4 rats (D:1)
  A spectral hobgoblin (D:3)
99 creatures vanquished.

Notes
Turn   | Place    | Note
-------+----------+-------------------------------------------
     0 | D:1      | Shayle the Djinni Reaver began the quest for the Orb.
     0 | D:1      | Shayle set off with the following spells memorised: Kiss of
                  | Death, Momentum Strike, Hailstorm.
     0 | D:1      | Reached XP level 1. HP: 18/18 MP: 0/0
    95 | D:1      | Reached XP level 2. HP: 21/23 MP: 0/0
   665 | D:2      | Reached XP level 3. HP: 26/28 MP: 0/0
   665 | D:2      | Learned a level 1 spell: Sandblast
   782 | D:2      | Reached skill level 1 in Armour
  1211 | D:2      | Identified the +0 sling of the Spinneret {elec, rN+ rCorr
                  | Str-3 Int+4}
  1647 | D:3      | Found a faded altar of an unknown god.
  1782 | D:3      | Reached skill level 1 in Stealth
  1782 | D:3      | Reached XP level 4. HP: 34/34 MP: 0/0
  2212 | D:4      | Found a glowing drain.
  2242 | Sewer    | Entered a sewer
  2483 | Sewer    | Noticed Pargi
  2493 | Sewer    | Killed Pargi
  2494 | Sewer    | Reached XP level 5. HP: 21/40 MP: 0/0
  2494 | Sewer    | Learned a level 2 spell: Passwall
  2801 | D:4      | Found a staircase to the Ecumenical Temple.
  2803 | D:4      | Noticed a phantom
  2812 | D:4      | Killed a phantom
  2813 | D:4      | Reached XP level 6. HP: 37/46 MP: 0/0
  2814 | Temple   | Entered the Ecumenical Temple
  2819 | Temple   | Became a worshipper of Makhleb the Destroyer
  2916 | D:4      | Noticed a black bear
  2955 | D:4      | Reached skill level 4 in Unarmed Combat
  2962 | D:4      | Killed a black bear
  2963 | D:4      | Reached XP level 7. HP: 20/51 MP: 0/0
  2963 | D:4      | Learned a level 3 spell: Gell's Gravitas
  3083 | D:4      | Found a runed translucent door.
  3084 | D:4      | Noticed Crazy Yiuf
  3206 | D:4      | Found an iron altar of Okawaru.
  3219 | D:4      | Found a sacrificial altar of Ru.
  3226 | D:4      | Found an ornate altar of the Wu Jian Council.
  3231 | D:4      | Found a hide-covered altar of Uskayaw.
  3533 | D:5      | Entered Level 5 of the Dungeon
  4090 | D:5      | Reached * piety under Makhleb
  4099 | D:5      | Reached XP level 8. HP: 49/58 MP: 0/0
  4600 | D:6      | Reached skill level 5 in Unarmed Combat
  4602 | D:6      | Killed from afar by an orc priest

Illustrated notes

Levels and vault maps discovered:
D:1:      heliophobic_arrival_battle_scene, layout_loops_ring
D:2:      layout_basic, supply_closet_lemuel, nicolae_elevator_lobby_asterisk
D:3:      layout_basic, general_overflow_altar,
          dreamdust_ecumenical_altar_drowned_temple
D:4:      kennysheep_slugbush, layout_basic, grunt_temple_overflow_cloverleaf,
          minmay_temple_entry_crystal_x, cheibrodos_sewer_entry_sluice,
          chequers_garden, minmay_bisected, uniq_crazy_yiuf_cottage
D:5:      layout_rooms, minmay_puff
D:6:      layout_rooms, serial_shops, kennysheep_mini
Temple:   minmay_freezing_vapour_temple

Skill      XL: |  1  2  3  4  5  6  7  8 |
---------------+-------------------------+-----
Armour         | 1 2 3 |  3.9
Stealth        | 1 2 3 |  3.4
Fighting       | 3 4 |  4.5
Spellcasting   | 3 |  3.9
Unarmed Combat | 4 5 |  5.0
Dodging        | |  2.1

Action                   |  1- 3 |  4- 6 |  7- 9 || total
-------------------------+-------+-------+-------++-------
Melee: Unarmed           |    38 |       |       ||    38
       Dagger            |    39 |       |       ||    39
       Spear             |    27 |    89 |   111 ||   227
       Punch             |     1 |     1 |     4 ||     6
 Cast: Sandblast         |       |     3 |     8 ||    11
       Gell's Gravitas   |       |       |     3 ||     3
       Hailstorm         |       |       |     4 ||     4
  Use: Scroll            |     6 |       |     9 ||    15
       Potion            |       |     2 |     3 ||     5
 Stab: Sleeping          |     2 |     1 |       ||     3
Armor: Leather armour    |    26 |    50 |    60 ||   136
Dodge: Dodged            |    57 |    46 |   104 ||   207

Table legend: (Time is in decaauts)
 A = Elapsed time spent in this place.
 B = Non-inter-level travel time spent in this place.
 C = Inter-level travel time spent in this place.
 D = Time resting spent in this place.
 E = Time spent auto-exploring this place.
 F = Levels seen in this place.
 G = Mean time per level.
                   A        B        C        D        E       F      G
               +--------+--------+--------+--------+--------+-----+--------+
         Total |   4626 |   4456 |    170 |    654 |   2456 |   8 |  578.2 |
       Dungeon |   4155 |   3985 |    170 |    482 |   2365 |   6 |  692.5 |
        Temple |     10 |     10 |      0 |      0 |      0 |   1 |   10.0 |
         Sewer |    460 |    460 |      0 |    172 |     91 |   1 |  460.0 |
               +--------+--------+--------+--------+--------+-----+--------+

Top non-repeatable levels by time:
     D:4: 1201 daAuts
     D:3: 790 daAuts
     D:2: 742 daAuts
     D:5: 740 daAuts
     D:1: 658 daAuts
   Sewer: 460 daAuts
     D:6: 21 daAuts
  Temple: 10 daAuts
